 Dungeon Crawl Stone Soup version 0.31-a0-986-g5e6e4ef867 (webtiles) character file.

Game seed: 8213537577806336947

76 wildpjah the Conjurer (level 4, -1/27 HPs)
             Began as a Tengu Reaver on Nov 20, 2023.
             Slain by an orc wizard
             ... wielding a +0 dagger
              (3 damage)
             ... on level 3 of the Dungeon.
             The game lasted 00:05:00 (1684 turns).

wildpjah the Conjurer (Tengu Reaver)                Turns: 1684, Time: 00:05:01

Health: -1/27      AC:  3    Str: 12    XL:     4   Next: 32%
Magic:  7/8        EV: 12    Int: 13    God:
Gold:   166        SH:  0    Dex: 15    Spells: 4/7 levels left

rFire   . . .        a - +0 falchion
rCold   . . .        (no shield)
rNeg    . . .        b - +0 leather armour
rPois   .            (helmet restricted)
rElec   .            (no cloak)
rCorr   .            (no gloves)
SInv    .            (boots unavailable)
Will    .....        (no amulet)
Stlth   +            (no ring)
HPRegen 0.24/turn    (no ring)
MPRegen 0.11/turn

%: acrobat
@: no status effects
A: beak, talons 3, acrobatic
a: no special abilities


You were on level 3 of the Dungeon.
You visited 1 branch of the dungeon, and saw 3 of its levels.

You collected 166 gold pieces.

Inventory:

Hand Weapons
 a - a +0 falchion (weapon)
 j - a +0 dagger of protection
 l - a +0 dagger of draining
 q - a +2 antimagic dagger
Armour
 b - a +0 leather armour (worn)
 n - a +0 ring mail
Scrolls
 e - a scroll of amnesia {unknown}
 f - 2 scrolls of teleportation {unknown}
 g - a scroll of identify {unknown}
 i - 2 scrolls of poison {unknown}
 k - 4 scrolls of blinking {unknown}
 m - a scroll of noise {unknown}
 p - a scroll of immolation {unknown}
 r - a scroll of fear {unknown}
 s - a scroll of vulnerability {unknown}
Potions
 c - 2 potions of magic {unknown}
 d - a potion of heal wounds {unknown}
 h - 2 potions of enlightenment {unknown}
 o - a potion of curing {unknown}
 t - a potion of might {unknown}


   Skills:
 + Level 2.5 Fighting
 + Level 4.0 Long Blades
 * Level 1.6 Armour
 * Level 2.6 Dodging
 + Level 2.0 Spellcasting
 + Level 4.6 Conjurations


You had 4 spell levels left.
You knew the following spells:

 Your Spells              Type           Power      Damage    Failure   Level
a - Kiss of Death         Conj/Necr      28%        2d7       12%         1
b - Momentum Strike       Conj/Tloc      14%        3d8       19%         2

Your spell library contained the following spells:

 Spells                   Type           Power      Damage    Failure   Level
 Hailstorm                Conj/Ice       7%         3d4       36%         3
 Lesser Beckoning         Tloc           2%         N/A       43%         2
 Gell's Gravitas          Tloc           1%         N/A       67%         3
 Teleport Other           Tloc           1%         N/A       67%         3


Dungeon Overview and Level Annotations

Branches:
Dungeon (3/15)

Altars:


Innate Abilities, Weirdness & Mutations

You have a beak for a mouth.
You have claws for feet.
You can magically evade attacks while moving or waiting.


Message History

Press: ? - help, Q - select action, (/) - cycle Dir - move target, f - orc
Aim: an orc, wielding a +0 war axe (68% to hit)
The concentrated momentum hits the orc!
You kill the orc!
You are unable to move.
You barely miss the orc. You claw the orc, but do no damage.
You peck the orc, but do no damage.
An orc priest comes into view. It is wielding a +0 short sword.
The orc barely misses you.
You slash the orc!
You kill the orc!
You hear some strange, mumbled words.
Something tries to affect you, but you resist.
The orc priest invokes the aid of Beogh against you.
Beogh smites you!
You cannot move.
An orc priest is nearby!
An orc priest is nearby!
You miss something. Your kick misses something.
Something hits you but does no damage.
You hit something. Your peck misses something.
Something hits you but does no damage.
You hit something but do no damage.
You are no longer robbed of momentum.
Something completely misses you.
You miss something. You claw something. Something hits you.
You miss something. You claw something. Your peck misses something.
Something hits you.
You hit something but do no damage. Something hits you but does no damage.
You barely miss something. Your peck misses something.
Something completely misses you.
You hit something but do no damage. Something hits you.
You miss something. You claw something.
You hear some strange, mumbled words.
A puff of flame appears from out of thin air!
The puff of flame hits you!
* * * LOW HITPOINT WARNING * * *
The orc priest miscasts a cantrip.
You miss something. Your kick misses something. Something hits you.
You die... .. ### .. ##.. . ##....# ...#) .# .oo

.. #{# #. #@# #.# #.# #.
######.####.# #.###.##
#.........#.# #.. ...#
#.#....##.#.# #.####.##
#.#.#####.#.# #........
#.#.# #.#.# #.##.###) #.#.#
#.#.###.#.## ##
#########.#.#####.#.......#
#
..........#.........###.#.#
##


You could see an orc priest and an orc.

Vanquished Creatures
  An adder (D:2)
  A worm (D:2)
  2 dart slugs
  2 orcs (D:3)
  6 endoplasms
  4 giant cockroaches
  5 hobgoblins
  10 kobolds
  2 quokkas (D:1)
  5 ball pythons
  4 bats
  2 frilled lizards
  4 goblins
  8 rats
56 creatures vanquished.

Notes
Turn   | Place    | Note
-------+----------+-------------------------------------------
     0 | D:1      | wildpjah the Tengu Reaver began the quest for the Orb.
     0 | D:1      | Reached XP level 1. HP: 12/12 MP: 4/4
   203 | D:1      | Reached XP level 2. HP: 15/17 MP: 6/6
   400 | D:1      | Reached XP level 3. HP: 21/21 MP: 7/7
   783 | D:2      | Reached skill level 1 in Armour
  1192 | D:2      | Reached XP level 4. HP: 27/27 MP: 8/8
  1497 | D:3      | Learned a level 2 spell: Momentum Strike
  1683 | D:3      | HP: 1/27 [something/puff of flame (10)]
  1684 | D:3      | Slain by an orc wizard

Illustrated notes

Levels and vault maps discovered:
D:1:      spicycebolla_arrival_xxxplode, layout_basic
D:2:      layout_loops_ring
D:3:      layout_loops_ring

Skill      XL: |  1  2  3  4 |
---------------+-------------+-----
Armour         | 1 |  1.6
Long Blades    | 4 |  4.0
Fighting       | |  2.5
Dodging        | |  2.6
Spellcasting   | |  2.0
Conjurations   | |  4.6

Action                     |  1- 3 |  4- 6 || total
---------------------------+-------+-------++-------
  Melee: Falchion          |   102 |    32 ||   134
         Peck              |    14 |     4 ||    18
         Kick              |    23 |     8 ||    31
   Cast: Momentum Strike   |       |     1 ||     1
   Stab: Sleeping          |       |     1 ||     1
 Armour: Leather armour    |    43 |    16 ||    59
  Dodge: Dodged            |    77 |     9 ||    86

Table legend: (Time is in decaauts)
 A = Elapsed time spent in this place.
 B = Non-inter-level travel time spent in this place.
 C = Inter-level travel time spent in this place.
 D = Time resting spent in this place.
 E = Time spent auto-exploring this place.
 F = Levels seen in this place.
 G = Mean time per level.
                   A        B        C        D        E       F      G
               +--------+--------+--------+--------+--------+-----+--------+
         Total |   1701 |   1683 |     18 |      0 |   1330 |   3 |  567.0 |
       Dungeon |   1701 |   1683 |     18 |      0 |   1330 |   3 |  567.0 |
               +--------+--------+--------+--------+--------+-----+--------+

Top non-repeatable levels by time:
     D:1: 763 daAuts
     D:2: 741 daAuts
     D:3: 197 daAuts
